 Dungeon Crawl Stone Soup version 0.32-a0-666-ge8a88695a4 (webtiles) character file.

Game seed: 11620992557508142863

23894 Zonian the Grappler (level 13, -2/90 HPs)
             Began as a Gnoll Shapeshifter on Mar 9, 2024.
             Was a Priest of Hepliaklqana.
             Slain by a wolf (4 damage)
             ... on level 2 of the Lair of Beasts on Mar 10, 2024.
             The game lasted 00:42:33 (12098 turns).

Zonian the Grappler (Gnoll Shapeshifter)           Turns: 12098, Time: 00:42:34

Health: -2/90      AC: 10    Str: 18    XL:     13   Next: 9%
Magic:  18/25      EV: 15    Int: 10    God:    Hepliaklqana [***...]
Gold:   412        SH:  0    Dex: 12    Spells: 26/29 levels left

rFire   . .          .
                       - Unarmed
rCold   . . .        u - orb {*Rage}
rNeg    . . .        C - +2 leather armour {rPois}
rPois   +            (helmet currently unavailable)
rElec   .            (cloak currently unavailable)
rCorr   .            (gloves currently unavailable)
SInv    .            (boots currently unavailable)
Will    .....        (no amulet)
Stlth   ++++         k - +4 ring of protection
HPRegen 0.35/turn    s - ring of poison resistance
MPRegen 0.19/turn

%: random rage (20%)
@: beast-form, on berserk cooldown, freezing walls, slowed, very slow
A: beast (slay +4), reduced essence, fangs 1, strong nose, distributed training
a: Begin Untransformation, Renounce Religion, Recall Ancestor, Ancestor
Identity, Transference


You were on level 2 of the Lair of Beasts.
You worshipped Hepliaklqana.
Hepliaklqana was most pleased with you.
You were a hulking beast.
You visited 3 branches of the dungeon, and saw 12 of its levels.
You also visited: Sewer, Ossuary and Bailey.

You collected 637 gold pieces.
You spent 225 gold pieces at shops.


Innate Abilities, Weirdness & Mutations

You are a hulking beast.
Your limbs bulge with bestial killing power. (Slay +4)
Your life essence is reduced to manifest your ancestor. (-10% HP)
You have very sharp teeth.
Your uncanny sense of smell can sniff out nearby items.
Your experience applies equally to all skills.


   Skills:
 + Level 9.1 Fighting
 + Level 8.6 Short Blades
 + Level 8.6 Long Blades
 + Level 8.6 Axes
 + Level 8.6 Maces & Flails
 + Level 8.6 Polearms
 + Level 8.6 Staves
 + Level 8.6 Ranged Weapons
 + Level 8.6 Throwing
 + Level 8.6 Armour
 + Level 9.8 Dodging
 + Level 8.6 Stealth
 + Level 8.6 Shields
 + Level 10.8 Unarmed Combat
 + Level 8.6 Spellcasting
 + Level 7.2 Conjurations
 + Level 7.2 Hexes
 + Level 7.2 Summonings
 + Level 7.2 Necromancy
 + Level 7.2 Translocations
 + Level 7.2 Fire Magic
 + Level 7.2 Ice Magic
 + Level 7.2 Air Magic
 + Level 7.2 Earth Magic
 + Level 7.2 Alchemy
 + Level 9.4 Invocations
 + Level 8.6 Evocations
 + Level 10.3 Shapeshifting


You had 26 spell levels left.
You knew the following spells:

 Your Spells              Type           Power      Damage    Failure   Level
a - Frozen Ramparts       Ice            36%        1d6       2%          3

Your spell library contained the following spells:

 Spells                   Type           Power      Damage    Failure   Level
 Cigotuvi's Dreadful Rot  Necr/Alch/Air  36%        N/A       1%          2
 Dazzling Flash           Conj/Hex       36%        N/A       2%          3
 Mephitic Cloud           Conj/Alch/Air  18%        N/A       2%          3
 Dispel Undead            Necr           18%        3d11      10%         4
 Leda's Liquefaction      Alch/Erth      9%         N/A       10%         4
 Martyr's Knell           Necr/Summ      18%        N/A       10%         4
 Petrify                  Alch/Erth      18%        N/A       10%         4
 Summon Blazeheart Golem  Fire/Summ      18%        N/A       10%         4
 Alistair's Intoxication  Alch           12%        N/A       26%         5
 Borgnjor's Vile Clutch   Necr/Erth      9%         N/A       26%         5
 Curse of Agony           Necr           18%        N/A       26%         5
 Metabolic Englaciation   Hex/Ice        9%         N/A       26%         5
 Silence                  Hex/Air        9%         N/A       26%         5
 Death Channel            Necr           9%         N/A       82%         6
 Eringya's Noxious Bog    Alch           9%         4d6       82%         6
 Orb of Destruction       Conj           9%         9d6       100%        7
 Spellforged Servitor     Conj/Summ      9%         N/A       100%        7

Inventory:

Hand Weapons
 x - a +4 spectral quarterstaff {staff}
   (You took it off Joseph on level 7 of the Dungeon)
 R - the +1 mace of Untruth {heavy, Str+5 Int+3, mace}
   (You found it on level 7 of the Dungeon)

   Str+5:     It affects your strength (+5).
   Int+3:     It affects your intelligence (+3).
 V - a +0 broad axe {axe}
   (You took it off a vault guard in a bailey)
Missiles
 m - 36 poisoned darts (quivered) {throwing}
 X - 4 boomerangs {throwing}
Armour
 a - a +1 helmet
   (You found it on level 9 of the Dungeon)
 c - a +0 cloak
   (You took it off Maurice on level 7 of the Dungeon)
 n - the +1 ring mail of Watchfulness {Int+3}
   (You found it on level 5 of the Dungeon)

   Int+3:     It affects your intelligence (+3).
 u - an orb of wrath (worn)
   (You found it on level 5 of the Dungeon)
 C - a +2 leather armour of poison resistance (worn)
   (You took it off Joseph on level 7 of the Dungeon)
 O - a +0 helmet
   (You found it on level 6 of the Dungeon)
Magical Staves
 r - a staff of cold {!astaff}
   (You found it on level 9 of the Dungeon)
Jewellery
 f - a ring of wizardry
   (You found it on level 3 of the Dungeon)
 j - a ring of fire
   (You found it on level 3 of the Dungeon)
 k - a +4 ring of protection (left hand)
   (You found it on level 2 of the Dungeon)
 p - a ring of positive energy
   (You found it on level 4 of the Dungeon)
 s - a ring of poison resistance (right hand)
   (You found it on level 4 of the Dungeon)
 P - a ring of willpower
   (You found it on level 6 of the Dungeon)
 T - a ring of see invisible
   (You found it on level 8 of the Dungeon)
 W - a +5 ring of evasion
   (You found it on level 9 of the Dungeon)
 Z - a +6 ring of dexterity
   (You took it off Erica on level 9 of the Dungeon)
Talismans
 i - a blade talisman
   (You found it on level 3 of the Dungeon)
 l - a serpent talisman
   (You found it on level 6 of the Dungeon)
 Q - a beast talisman (active)
Wands
 z - a wand of warping (3)
   (You took it off a centaur on level 9 of the Dungeon)
 M - a wand of paralysis (3)
   (You found it on level 6 of the Dungeon)
 N - a wand of flame (9)
   (You took it off Maurice on level 7 of the Dungeon)
 S - a wand of polymorph (6)
   (You found it on level 7 of the Dungeon)
 U - a wand of quicksilver (3)
   (You found it on level 1 of the Lair of Beasts)
Scrolls
 b - 2 scrolls of vulnerability {!r!r}
 t - 3 scrolls of fear
 w - a scroll of butterflies {unknown}
 y - 3 scrolls of blinking {!r}
 B - 3 scrolls of immolation {!r!r}
 D - 2 scrolls of enchant weapon {unknown}
 E - a scroll of torment {unknown}
 F - 3 scrolls of enchant armour
 H - 6 scrolls of fog
 J - a scroll of revelation
 K - 2 scrolls of teleportation {unknown}
 L - 2 scrolls of poison
Potions
 d - 3 potions of might
 e - 5 potions of mutation {!q}
 g - 3 potions of attraction {!q}
 h - 2 potions of heal wounds {@q2}
 o - a potion of berserk rage {!q}
 q - 4 potions of curing {@q1}
 v - 2 potions of haste {@q3}
 A - 2 potions of cancellation
 G - a potion of magic
 I - a potion of ambrosia
 Y - a potion of enlightenment {unknown}

Dungeon Overview and Level Annotations

Branches:
Dungeon (9/15) Zot: 25186  Temple (1/1) D:4 Zot: 5934    Lair (2/5) D:9 Zot: 10567
  Sewer (visited)         Ossuary (visited)          Bailey (visited)
  Swamp: Lair:2-3    Shoals: Lair:2-3     Snake: Lair:2-3    Spider: Lair:2-3
    Orc: D:9-12

Altars:
Ashenzari
Cheibriados
Dithmenos
Elyvilon
Fedhas
Gozag
Hepliaklqana
Kikubaaqudgha
Makhleb
Nemelex Xobeh
Okawaru
Qazlal
Ru
Sif Muna
Trog
Uskayaw
Vehumet
Wu Jian
Xom
Yredelemnul
Zin
The Shining One

Shops:
D:1 [=!!*   D:6 !

Annotations:
D:8 3 runed translucent doors, ytrimaz's ghost, novice CoAr

#......##.## ...### .##..
##....#....##.F###.#..... #
##...#.#.........##....l.. ∆ ..
#..#............#.....#..## .
..###...#.....!.# #.....#...##.#
...##.###.##..†## #..##.......Y.#
#.......)..#..†###...#...⌠.Y.⌠...
###...####....#hh....#.F...<..Y.Y
###..# ###..††h.#......⌠...Y...
#..## ###P†### F.#./[....... ##.#
#### ....#....##.# #.## ####..
.#.#Y# . ##.P# #..## .Y.. Y.
#P..### ###..#### .. .. #.....##
##..#..# ##. ### #####..#
#.....## #.## #..P###


You could see 2 wolves.


Message History

The wall freezes the wolf.
The wolf bites you.
* * * LOW HITPOINT WARNING * * *
The wall freezes the wolf.
The wolf bites you but does no damage.
The wall freezes the wolf but does no damage.
The wolf bites you but does no damage.
The wall freezes the wolf.
The wolf bites you but does no damage.
The wall freezes the wolf.
The wolf barely misses you. 😱 HP[-4] MP[+1]
You take 4 damage, and now have 5/90 hp.
Unknown command.
You feel much better.
The wall freezes the wolf but does no damage.
The wolf bites you but does no damage.
The wall freezes the wolf but does no damage.
The wolf barely misses you.
The wall freezes the wolf but does no damage.
The wolf barely misses you.
The wall freezes the wolf.
The wolf barely misses you.
The wall freezes the wolf but does no damage.
The wolf closely misses you.
The wall freezes the wolf.
The wolf bites you but does no damage.
The wall freezes the wolf but does no damage.
The wolf bites you.
* * * LOW HITPOINT WARNING * * *
The wall freezes the wolf but does no damage.
The wolf bites you but does no damage.
The wall freezes the wolf but does no damage.
The wolf bites you.
* * * LOW HITPOINT WARNING * * *
😱 HP[+8]
You regained 8 hp, and now have 13/90 hp.
Unknown command.
You hit the wolf.
You hear the deafening beating of a drum nearby.
The wall freezes the wolf but does no damage.
The wolf barely misses you.
The wall freezes the wolf but does no damage.
The wolf closely misses you.
The wall freezes the wolf.
The wolf bites you but does no damage.
The wall freezes the wolf but does no damage.
The wolf bites you but does no damage.
The wall freezes the wolf but does no damage.
The wolf barely misses you.
The wall freezes the wolf but does no damage.
The wolf bites you.
* * * LOW HITPOINT WARNING * * *
😱 HP[-6]
You take 6 damage, and now have 7/90 hp.
Unknown command.
You hit the wolf.
The wall freezes the wolf but does no damage.
The wolf bites you.
* * * LOW HITPOINT WARNING * * *
The wall freezes the wolf.
The wolf closely misses you.
The wall freezes the wolf but does no damage.
The wolf barely misses you.
The wall freezes the wolf.
The wolf closely misses you.
The wall freezes the wolf.
The wolf closely misses you.
The wall freezes the wolf but does no damage.
The wolf closely misses you. 😱 HP[-4]
You take 4 damage, and now have 3/90 hp.
Unknown command.
You feel much better.
The frozen ramparts melt away.
The wolf bites you.
* * * LOW HITPOINT WARNING * * *
The wolf bites you.
* * * LOW HITPOINT WARNING * * *
The wolf closely misses you. The wolf bites you.
* * * LOW HITPOINT WARNING * * *
The wolf bites you.
* * * LOW HITPOINT WARNING * * *
The wolf barely misses you.
The wolf closely misses you. 😱 HP[+9] MP[+1]
You regained 9 hp, and now have 12/90 hp.
Unknown command.
Casting: Frozen Ramparts (mildly dangerous; 2% risk of failure)
Confirm with . or Enter, or press ? or * to list all spells.
Casting: Frozen Ramparts (mildly dangerous; 2% risk of failure)
Press: ? - help, Dir - look around, f - activate The walls around you are covered in ice.
The wall freezes the wolf.
The wolf bites you but does no damage.
The wall freezes the wolf.
You kill the wolf!
The wall freezes the wolf.
The wolf closely misses you.
The wall freezes the wolf.
The wolf barely misses you.
The wall freezes the wolf but does no damage.
The wolf bites you but does no damage.
The wall freezes the wolf.
The wolf bites you!
* * * LOW HITPOINT WARNING * * *
😱 HP[-6] MP[-3]
You take 6 damage, and now have 6/90 hp.
You lost 3 mp, and now have 18/25 mp.
You hit the wolf.
The wall freezes the wolf but does no damage.
The wolf bites you.
* * * LOW HITPOINT WARNING * * *
The wall freezes the wolf but does no damage.
The wolf bites you.
You die...
Hepliaklqana delivers you to your ancestors.

Skill      XL: |  1  2  3  4  5  6  7  8  9 10 11 12 |
---------------+-------------------------------------+-----
Invocations    | 1 2 3 6 7 8 9 |  9.4
Short Blades   | 1 2 3 5 6 7 8 |  8.6
Long Blades    | 1 2 3 5 6 7 8 |  8.6
Axes           | 1 2 3 5 6 7 8 |  8.6
Maces & Flails | 1 2 3 5 6 7 8 |  8.6
Polearms       | 1 2 3 5 6 7 8 |  8.6
Staves         | 1 2 3 5 6 7 8 |  8.6
Ranged Weapons | 1 2 3 5 6 7 8 |  8.6
Throwing       | 1 2 3 5 6 7 8 |  8.6
Armour         | 1 2 3 5 6 7 8 |  8.6
Stealth        | 1 2 3 5 6 7 8 |  8.6
Shields        | 1 2 3 5 6 7 8 |  8.6
Spellcasting   | 1 2 3 5 6 7 8 |  8.6
Evocations     | 1 2 3 5 6 7 8 |  8.6
Conjurations   | 1 2 4 5 6 7 |  7.2
Hexes          | 1 2 4 5 6 7 |  7.2
Summonings     | 1 2 4 5 6 7 |  7.2
Necromancy     | 1 2 4 5 6 7 |  7.2
Translocations | 1 2 4 5 6 7 |  7.2
Fire Magic     | 1 2 4 5 6 7 |  7.2
Ice Magic      | 1 2 4 5 6 7 |  7.2
Air Magic      | 1 2 4 5 6 7 |  7.2
Earth Magic    | 1 2 4 5 6 7 |  7.2
Alchemy        | 1 2 4 5 6 7 |  7.2
Fighting       | 3 4 6 7 8 9 |  9.1
Dodging        | 5 7 8 9 |  9.8
Unarmed Combat | 7 8 9 10 | 10.8
Shapeshifting  | 7 8 9 10 | 10.3

Action                     |  1- 3 |  4- 6 |  7- 9 | 10-12 | 13-15 || total
---------------------------+-------+-------+-------+-------+-------++-------
  Melee: Unarmed           |    74 |   125 |    85 |   491 |    16 ||   791
         Punch             |     3 |     4 |       |       |       ||     7
         Bite              |     4 |    13 |     9 |    57 |     4 ||    87
  Throw: Dart              |       |     1 |       |       |       ||     1
         Boomerang         |       |       |       |    15 |       ||    15
   Cast: Frozen Ramparts   |       |       |       |     1 |     3 ||     4
 Invoke: Ancestor Identity |       |       |     1 |       |       ||     1
         Recall Ancestor   |       |       |       |     1 |       ||     1
         Ancestor Life: Ba |       |       |       |     1 |       ||     1
         Idealise          |       |       |       |     1 |       ||     1
  Evoke: Wand              |       |       |       |     6 |     1 ||     7
    Use: Scroll            |       |     6 |     4 |    15 |       ||    25
         Potion            |       |     3 |     3 |     9 |     3 ||    18
   Stab: Sleeping          |     1 |     1 |       |    13 |       ||    15
         Distracted        |       |       |       |     4 |       ||     4
 Armour: Animal skin       |    33 |    69 |     5 |       |       ||   107
         Skin              |       |     9 |       |       |       ||     9
         Ring mail         |       |       |    41 |    15 |       ||    56
         Leather armour    |       |       |       |   254 |    41 ||   295
  Dodge: Dodged            |    42 |    62 |    41 |   317 |    40 ||   502

Levels and vault maps discovered:
D:1:      lightli_arrival_statuegarden, layout_loops_ring, serial_shops,
          nicolae_shop_tiny_waterfront,
          nicolae_shop_temple_entry_statues_fountains, shop,
          nicolae_shop_advertising_works [nicolae_subvault_shop_adworks],
          nicolae_shop_gaudy_bauble, amethyst_killhole, minmay_fountain_box,
          serial_bayou_ford_a, lexackson_kobold_supper
D:2:      layout_basic, uniq_jessica
D:3:      layout_basic, hellmonk_no_cap
D:4:      layout_rooms, temple_statues, chequers_serial_rivers_large_b
D:5:      layout_basic, fiery_altar_vehumet, nicolae_tso_carved_into_rock,
          mainiacjoe_overflow_concentric_impassable, lightli_sewer_entry_pipes,
          nicolae_wormholes
D:6:      layout_loops_ring, marbit_many_paths, serial_shops, shop,
          enter_ossuary_5
D:7:      layout_basic, uniq_pikel, uniq_maurice, uniq_joseph
D:8:      layout_loops_ring, pdpol_wu_jian_five_deadly_venoms,
          gammafunk_ghost_necromancy, nicolae_lava_and_water, uniq_maggie
D:9:      layout_long_grid, led_sif_book, erik_lair_dragon, enter_bailey_5,
          minmay_fractal_squares_5, uniq_erica
Temple:   compressed_dpeg_triangle_lava_temple
Lair:1:   layout_regular_city, grunt_megastairs_4, infiniplex_staircase_pool_2
Lair:2:   layout_loops_ring, nicolae_shoals_entry_roost, gauntlet_entry_generic,
          grunt_megastairs_2

Notes
Turn   | Place    | Note
-------+----------+-------------------------------------------
     0 | D:1      | Zonian the Gnoll Shapeshifter began the quest for the Orb.
     0 | D:1      | Reached XP level 1. HP: 17/17 MP: 1/1
     0 | D:1      | magus.rc [v1.9.6]
    45 | D:1      | Found Sakkak's Distillery.
   111 | D:1      | Reached XP level 2. HP: 21/23 MP: 2/2
   365 | D:1      | Found Vakennur's Assorted Antiques.
   432 | D:1      | Found Guropp's Distillery.
   493 | D:1      | Reached XP level 3. HP: 25/28 MP: 3/3
   526 | D:1      | Found Nuceelez's Antique Armour Shop.
   808 | D:1      | Found Sadghyuz's Jewellery Boutique.
  1044 | D:2      | Reached skill level 1 in Invocations
  1162 | D:2      | Noticed Jessica
  1233 | D:2      | Killed Jessica
  1234 | D:2      | Reached skill level 1 in Short Blades
  1234 | D:2      | Reached skill level 1 in Long Blades
  1234 | D:2      | Reached skill level 1 in Axes
  1234 | D:2      | Reached skill level 1 in Maces & Flails
  1234 | D:2      | Reached skill level 1 in Polearms
  1234 | D:2      | Reached skill level 1 in Staves
  1234 | D:2      | Reached skill level 1 in Ranged Weapons
  1234 | D:2      | Reached skill level 1 in Throwing
  1234 | D:2      | Reached skill level 1 in Armour
  1234 | D:2      | Reached skill level 1 in Stealth
  1234 | D:2      | Reached skill level 1 in Shields
  1234 | D:2      | Reached skill level 1 in Spellcasting
  1234 | D:2      | Reached skill level 1 in Evocations
  1234 | D:2      | Reached XP level 4. HP: 34/34 MP: 5/5
  1319 | D:2      | Reached skill level 1 in Conjurations
  1319 | D:2      | Reached skill level 1 in Hexes
  1319 | D:2      | Reached skill level 1 in Summonings
  1319 | D:2      | Reached skill level 1 in Necromancy
  1319 | D:2      | Reached skill level 1 in Translocations
  1319 | D:2      | Reached skill level 1 in Fire Magic
  1319 | D:2      | Reached skill level 1 in Ice Magic
  1319 | D:2      | Reached skill level 1 in Air Magic
  1319 | D:2      | Reached skill level 1 in Earth Magic
  1319 | D:2      | Reached skill level 1 in Alchemy
  2017 | D:3      | Noticed a water moccasin
  2026 | D:3      | HP: 6/34 [water moccasin (5)]
  2030 | D:3      | Killed a water moccasin
  2031 | D:3      | Reached skill level 3 in Fighting
  2031 | D:3      | Reached XP level 5. HP: 23/41 MP: 5/7
  2100 | D:3      | Reached skill level 2 in Invocations
  2165 | D:3      | Reached XP level 6. HP: 39/47 MP: 8/8
  2356 | D:3      | Reached skill level 5 in Dodging
  2360 | D:3      | Reached skill level 2 in Short Blades
  2360 | D:3      | Reached skill level 2 in Long Blades
  2360 | D:3      | Reached skill level 2 in Axes
  2360 | D:3      | Reached skill level 2 in Maces & Flails
  2360 | D:3      | Reached skill level 2 in Polearms
  2360 | D:3      | Reached skill level 2 in Staves
  2360 | D:3      | Reached skill level 2 in Ranged Weapons
  2360 | D:3      | Reached skill level 2 in Throwing
  2360 | D:3      | Reached skill level 2 in Armour
  2360 | D:3      | Reached skill level 2 in Stealth
  2360 | D:3      | Reached skill level 2 in Shields
  2360 | D:3      | Reached skill level 2 in Spellcasting
  2360 | D:3      | Reached skill level 2 in Evocations
  2680 | D:3      | You pick up a book of Sloth and begin reading...
  2680 | D:3      | You add the spells Frozen Ramparts, Leda's Liquefaction,
                  | Petrify and Metabolic Englaciation to your library.
  2989 | D:4      | Found a staircase to the Ecumenical Temple.
  3015 | Temple   | Entered the Ecumenical Temple
  3072 | Temple   | Became a worshipper of Hepliaklqana the Forgotten
  3401 | D:4      | Reached skill level 7 in Unarmed Combat
  3401 | D:4      | Reached XP level 7. HP: 48/52 MP: 10/10
  3690 | D:5      | Entered Level 5 of the Dungeon
  3734 | D:5      | Reached skill level 2 in Conjurations
  3734 | D:5      | Reached skill level 2 in Hexes
  3734 | D:5      | Reached skill level 2 in Summonings
  3734 | D:5      | Reached skill level 2 in Necromancy
  3734 | D:5      | Reached skill level 2 in Translocations
  3734 | D:5      | Reached skill level 2 in Fire Magic
  3734 | D:5      | Reached skill level 2 in Ice Magic
  3734 | D:5      | Reached skill level 2 in Air Magic
  3734 | D:5      | Reached skill level 2 in Earth Magic
  3734 | D:5      | Reached skill level 2 in Alchemy
  3817 | D:5      | Identified the +1 ring mail of Watchfulness {Int+3}
  3919 | D:5      | Found a glowing golden altar of the Shining One.
  3985 | D:5      | Reached skill level 7 in Shapeshifting
  4180 | D:5      | Reached * piety under Hepliaklqana
  4202 | D:5      | Reached skill level 3 in Invocations
  4265 | D:5      | Found a glowing drain.
  4272 | Sewer    | Entered a sewer
  4513 | Sewer    | Reached skill level 4 in Fighting
  4513 | Sewer    | Reached skill level 3 in Short Blades
  4513 | Sewer    | Reached skill level 3 in Long Blades
  4513 | Sewer    | Reached skill level 3 in Axes
  4513 | Sewer    | Reached skill level 3 in Maces & Flails
  4513 | Sewer    | Reached skill level 3 in Polearms
  4513 | Sewer    | Reached skill level 3 in Staves
  4513 | Sewer    | Reached skill level 3 in Ranged Weapons
  4513 | Sewer    | Reached skill level 3 in Throwing
  4513 | Sewer    | Reached skill level 3 in Armour
  4513 | Sewer    | Reached skill level 3 in Stealth
  4513 | Sewer    | Reached skill level 3 in Shields
  4513 | Sewer    | Reached skill level 3 in Spellcasting
  4513 | Sewer    | Reached skill level 3 in Evocations
  4513 | Sewer    | Reached XP level 8. HP: 54/54 MP: 12/12
  4565 | D:5      | Found a white marble altar of Elyvilon.
  4579 | D:5      | Found a radiant altar of Vehumet.
  4607 | D:5      | Identified 2 potions of experience
  4608 | D:5      | Reached skill level 6 in Fighting
  4608 | D:5      | Reached skill level 5 in Short Blades
  4608 | D:5      | Reached skill level 5 in Long Blades
  4608 | D:5      | Reached skill level 5 in Axes
  4608 | D:5      | Reached skill level 5 in Maces & Flails
  4608 | D:5      | Reached skill level 5 in Polearms
  4608 | D:5      | Reached skill level 5 in Staves
  4608 | D:5      | Reached skill level 5 in Ranged Weapons
  4608 | D:5      | Reached skill level 5 in Throwing
  4608 | D:5      | Reached skill level 5 in Armour
  4608 | D:5      | Reached skill level 7 in Dodging
  4608 | D:5      | Reached skill level 5 in Stealth
  4608 | D:5      | Reached skill level 5 in Shields
  4608 | D:5      | Reached skill level 8 in Unarmed Combat
  4608 | D:5      | Reached skill level 5 in Spellcasting
  4608 | D:5      | Reached skill level 4 in Conjurations
  4608 | D:5      | Reached skill level 4 in Hexes
  4608 | D:5      | Reached skill level 4 in Summonings
  4608 | D:5      | Reached skill level 4 in Necromancy
  4608 | D:5      | Reached skill level 4 in Translocations
  4608 | D:5      | Reached skill level 4 in Fire Magic
  4608 | D:5      | Reached skill level 4 in Ice Magic
  4608 | D:5      | Reached skill level 4 in Air Magic
  4608 | D:5      | Reached skill level 4 in Earth Magic
  4608 | D:5      | Reached skill level 4 in Alchemy
  4608 | D:5      | Reached skill level 6 in Invocations
  4608 | D:5      | Reached skill level 5 in Evocations
  4608 | D:5      | Reached skill level 8 in Shapeshifting
  4608 | D:5      | Reached XP level 9. HP: 62/62 MP: 12/17
  4609 | D:5      | Reached skill level 7 in Fighting
  4609 | D:5      | Reached skill level 6 in Short Blades
  4609 | D:5      | Reached skill level 6 in Long Blades
  4609 | D:5      | Reached skill level 6 in Axes
  4609 | D:5      | Reached skill level 6 in Maces & Flails
  4609 | D:5      | Reached skill level 6 in Polearms
  4609 | D:5      | Reached skill level 6 in Staves
  4609 | D:5      | Reached skill level 6 in Ranged Weapons
  4609 | D:5      | Reached skill level 6 in Throwing
  4609 | D:5      | Reached skill level 6 in Armour
  4609 | D:5      | Reached skill level 8 in Dodging
  4609 | D:5      | Reached skill level 6 in Stealth
  4609 | D:5      | Reached skill level 6 in Shields
  4609 | D:5      | Reached skill level 9 in Unarmed Combat
  4609 | D:5      | Reached skill level 6 in Spellcasting
  4609 | D:5      | Reached skill level 5 in Conjurations
  4609 | D:5      | Reached skill level 5 in Hexes
  4609 | D:5      | Reached skill level 5 in Summonings
  4609 | D:5      | Reached skill level 5 in Necromancy
  4609 | D:5      | Reached skill level 5 in Translocations
  4609 | D:5      | Reached skill level 5 in Fire Magic
  4609 | D:5      | Reached skill level 5 in Ice Magic
  4609 | D:5      | Reached skill level 5 in Air Magic
  4609 | D:5      | Reached skill level 5 in Earth Magic
  4609 | D:5      | Reached skill level 5 in Alchemy
  4609 | D:5      | Reached skill level 7 in Invocations
  4609 | D:5      | Reached skill level 6 in Evocations
  4609 | D:5      | Reached skill level 9 in Shapeshifting
  4609 | D:5      | Reached XP level 10. HP: 71/71 MP: 12/19
  4874 | D:5      | You fall into a shaft and drop 2 floors!
  4998 | D:7      | Noticed Pikel
  5007 | D:7      | Killed Pikel
  5076 | D:7      | Noticed Joseph
  5086 | D:7      | Killed Joseph
  5558 | D:6      | Found a sand-covered staircase.
  5569 | Ossuary  | Entered an ossuary
  5613 | Ossuary  | Reached ** piety under Hepliaklqana
  6095 | D:6      | Found Toynon's Distillery.
  6184 | D:6      | Bought 2 potions of heal wounds for 150 gold pieces
  6184 | D:6      | Bought a potion of heal wounds for 75 gold pieces
  6334 | D:6      | Found a glowing silver altar of Zin.
  6511 | D:7      | Noticed Maurice
  6515 | D:7      | Maurice stole a beast talisman
  6517 | D:7      | Maurice stole a ring of willpower
  6522 | D:7      | Killed Maurice
  6523 | D:7      | Reached skill level 7 in Short Blades
  6523 | D:7      | Reached skill level 7 in Long Blades
  6523 | D:7      | Reached skill level 7 in Axes
  6523 | D:7      | Reached skill level 7 in Maces & Flails
  6523 | D:7      | Reached skill level 7 in Polearms
  6523 | D:7      | Reached skill level 7 in Staves
  6523 | D:7      | Reached skill level 7 in Ranged Weapons
  6523 | D:7      | Reached skill level 7 in Throwing
  6523 | D:7      | Reached skill level 7 in Armour
  6523 | D:7      | Reached skill level 7 in Stealth
  6523 | D:7      | Reached skill level 7 in Shields
  6523 | D:7      | Reached skill level 7 in Spellcasting
  6523 | D:7      | Reached skill level 7 in Evocations
  6564 | D:7      | Identified the +1 mace of Untruth {heavy, Str+5 Int+3}
  6990 | D:7      | Reached XP level 11. HP: 74/74 MP: 21/21
  6990 | D:7      | Remembered your ancestor DOLOR as a battlemage
  7017 | D:7      | You pick up a book of Decay and begin reading...
  7017 | D:7      | You add the spells Cigotuvi's Dreadful Rot, Dispel Undead,
                  | Martyr's Knell and Death Channel to your library.
  7313 | D:8      | Noticed Maggie
  7328 | D:8      | Killed Maggie
  7329 | D:8      | Found a runed translucent gate.
  7329 | D:8      | Found a runed translucent gate.
  7330 | D:8      | Found a runed translucent gate.
  7332 | D:8      | Noticed ytrimaz's ghost (novice CoAr)
  7432 | D:8      | Reached skill level 6 in Conjurations
  7432 | D:8      | Reached skill level 6 in Hexes
  7432 | D:8      | Reached skill level 6 in Summonings
  7432 | D:8      | Reached skill level 6 in Necromancy
  7432 | D:8      | Reached skill level 6 in Translocations
  7432 | D:8      | Reached skill level 6 in Fire Magic
  7432 | D:8      | Reached skill level 6 in Ice Magic
  7432 | D:8      | Reached skill level 6 in Air Magic
  7432 | D:8      | Reached skill level 6 in Earth Magic
  7432 | D:8      | Reached skill level 6 in Alchemy
  7930 | D:8      | Found an ornate altar of the Wu Jian Council.
  8275 | D:9      | Reached skill level 8 in Invocations
  8298 | D:9      | Found a flagged portal.
  8334 | Bailey   | Entered a bailey
  8766 | Bailey   | Reached skill level 10 in Unarmed Combat
  8791 | Bailey   | Noticed Prince Ribbit
  8791 | Bailey   | Noticed a vault guard
  8803 | Bailey   | HP: 13/77 [vault guard/+0 broad axe (8)]
  8807 | Bailey   | Killed a vault guard
  8808 | Bailey   | Reached skill level 8 in Fighting
  8818 | Bailey   | Killed Prince Ribbit
  8946 | Bailey   | Noticed a vault guard
  8956 | Bailey   | Killed a vault guard
  9108 | D:9      | Reached skill level 9 in Dodging
  9148 | D:9      | Found a shimmering blue altar of Sif Muna.
  9154 | D:9      | Noticed a two-headed ogre
  9159 | D:9      | Noticed a manticore
  9166 | D:9      | HP: 18/77 [manticore (12)]
  9187 | D:9      | HP: 25/115 [two-headed ogre/+0 giant club (7)]
  9190 | D:9      | Killed a two-headed ogre
  9195 | D:9      | HP: 4/77 [centaur/arrow (15)]
  9219 | D:9      | Killed a manticore
  9657 | D:9      | Reached XP level 12. HP: 80/80 MP: 23/23
  9729 | D:9      | Noticed Erica
  9737 | D:9      | Killed Erica
 10146 | D:9      | Found a staircase to the Lair.
 10289 | D:9      | Reached *** piety under Hepliaklqana
 10316 | D:9      | You pick up a book of the Senses and begin reading...
 10316 | D:9      | You add the spells Dazzling Flash, Mephitic Cloud, Curse of
                  | Agony and Silence to your library.
 10321 | D:9      | Learned a level 3 spell: Frozen Ramparts
 10416 | D:9      | You pick up a book of Dangerous Friends and begin
                  | reading...
 10416 | D:9      | You add the spells Summon Blazeheart Golem, Orb of
                  | Destruction and Spellforged Servitor to your library.
 10723 | Lair:1   | Entered Level 1 of the Lair of Beasts
 11046 | Lair:1   | Reached skill level 8 in Short Blades
 11046 | Lair:1   | Reached skill level 8 in Long Blades
 11046 | Lair:1   | Reached skill level 8 in Axes
 11046 | Lair:1   | Reached skill level 8 in Maces & Flails
 11046 | Lair:1   | Reached skill level 8 in Polearms
 11046 | Lair:1   | Reached skill level 8 in Staves
 11046 | Lair:1   | Reached skill level 8 in Ranged Weapons
 11046 | Lair:1   | Reached skill level 8 in Throwing
 11046 | Lair:1   | Reached skill level 8 in Armour
 11046 | Lair:1   | Reached skill level 8 in Stealth
 11046 | Lair:1   | Reached skill level 8 in Shields
 11046 | Lair:1   | Reached skill level 8 in Spellcasting
 11046 | Lair:1   | Reached skill level 8 in Evocations
 11102 | Lair:1   | Reached skill level 10 in Shapeshifting
 11116 | Lair:1   | Reached skill level 9 in Invocations
 11742 | Lair:2   | Noticed an eight-headed hydra
 11754 | Lair:2   | Killed an eight-headed hydra
 11755 | Lair:2   | Reached skill level 7 in Conjurations
 11755 | Lair:2   | Reached skill level 7 in Hexes
 11755 | Lair:2   | Reached skill level 7 in Summonings
 11755 | Lair:2   | Reached skill level 7 in Necromancy
 11755 | Lair:2   | Reached skill level 7 in Translocations
 11755 | Lair:2   | Reached skill level 7 in Fire Magic
 11755 | Lair:2   | Reached skill level 7 in Ice Magic
 11755 | Lair:2   | Reached skill level 7 in Air Magic
 11755 | Lair:2   | Reached skill level 7 in Earth Magic
 11755 | Lair:2   | Reached skill level 7 in Alchemy
 11764 | Lair:2   | You add the spells Alistair's Intoxication, Borgnjor's Vile
                  | Clutch and Eringya's Noxious Bog to your library.
 12026 | Lair:2   | Reached **** piety under Hepliaklqana
 12050 | Lair:2   | HP: 19/84 [elephant (13)]
 12057 | Lair:2   | Reached skill level 9 in Fighting
 12057 | Lair:2   | HP: 21/85 [bullfrog (7)]
 12061 | Lair:2   | Reached XP level 13. HP: 23/90 MP: 19/25
 12065 | Lair:2   | HP: 17/135 [elephant (1)]
 12085 | Lair:2   | HP: 13/90 [wolf (6)]
 12090 | Lair:2   | HP: 20/90 [wolf (2)]
 12091 | Lair:2   | HP: 9/90 [wolf (8)]
 12095 | Lair:2   | HP: 3/90 [wolf (5)]
 12098 | Lair:2   | Slain by a wolf

Vanquished Creatures
  2 vault guards (Bailey)
  A hydra (Lair:2)
  A two-headed ogre (D:9)
  Pikel (D:7)
  Maurice (D:7)
  A manticore (D:9)
  3 elephants (Lair:2)
  A black mamba (Lair:1)
  Joseph (D:7)
  3 cane toads (Lair:1)
  Maggie (D:8)
  5 komodo dragons (Lair:1)
  A polar bear (Lair:2)
  Prince Ribbit (Bailey)
  3 humans (Bailey)
  11 yaks
  3 wyverns
  A basilisk (D:9)
  2 steam dragons
  2 water moccasins
  2 sky beasts
  3 orc warriors
  An ogre (D:6)
  An ice beast (D:5)
  5 wolves
  5 centaurs
  4 kobold brigands
  A lemure (D:7)
  A phantom (D:6)
  2 brain worms (Sewer)
  A gnoll sergeant (D:9)
  11 bullfrogs
  2 scorpions (D:5)
  23 wights
  5 killer bees
  A howler monkey (D:9)
  A bombardier beetle (D:7)
  An orc priest (D:5)
  2 hounds
  2 iguanas (D:5)
  5 sleepcaps
  Jessica (D:2)
  9 orc wizards
  2 mummies (Ossuary)
  9 gnolls
  8 adders
  A river rat (D:5)
  3 white imps
  A dart slug (D:2)
  9 ribbon worms
  15 orcs
  3 bats
  8 endoplasms
  3 giant cockroaches
  A gnoll zombie (Ossuary)
  7 hobgoblins
  6 jackals (D:1)
  4 quokkas
  7 ball pythons
  10 frilled lizards
  6 goblins
  24 kobolds
  A kobold zombie (Ossuary)
  3 orc zombies (Ossuary)
  6 rats
271 creatures vanquished.

Vanquished Creatures (collateral kills)
  Erica (D:9)
  3 elephants (Lair:2)
  A blink frog (Lair:2)
  A human (Bailey)
  7 yaks (Lair:2)
  A wyvern (D:8)
  A basilisk (D:9)
  A steam dragon (D:9)
  3 water moccasins
  2 orc warriors (D:9)
  A sky beast (D:6)
  5 wolves
  A lemure (D:7)
  A weeping skull (Ossuary)
  4 bullfrogs
  A burial acolyte (Ossuary)
  2 wights
  2 killer bees (D:8)
  A human zombie (Ossuary)
  A hound (D:7)
  An orc wizard (D:8)
  A mummy (Ossuary)
  An adder (Sewer)
  2 gnolls (D:9)
  2 ribbon worms
  7 orcs
  A goblin (D:9)
  A frilled lizard (Sewer)
  3 kobolds
  A kobold zombie (Ossuary)
  An orc zombie (Ossuary)
  3 rats (D:5)
64 creatures vanquished.

Vanquished Creatures (others)
  2 ancestors
  6 battlemagi
  An orc (D:8)
9 creatures vanquished.

Grand Total: 344 creatures vanquished

Table legend:
 A = Non-vault XP
 B = Vault XP
 C = Vault XP percentage of total XP
 D = Non-vault monster count
 E = Vault monster count
 F = Vault count percentage of total count
                 A         B        C        D         E       F
            +---------+---------+-------+---------+---------+-------
      Total |   17389 |   12747 |  42.3 |     222 |     111 |  33.3
            +---------+---------+-------+---------+---------+-------
        D:1 |      29 |       9 |  23.7 |      18 |       8 |  30.8
        D:2 |      59 |      37 |  38.5 |      22 |       1 |   4.3
        D:3 |     236 |     158 |  40.1 |      15 |       4 |  21.1
        D:4 |     103 |       0 |   0.0 |      14 |       0 |   0.0
        D:5 |     553 |      63 |  10.2 |      16 |      14 |  46.7
        D:6 |     849 |     124 |  12.7 |      15 |       1 |   6.2
        D:7 |    1202 |    1506 |  55.6 |      18 |       3 |  14.3
        D:8 |    1635 |     384 |  19.0 |      28 |       3 |   9.7
        D:9 |    1861 |    3281 |  63.8 |      34 |      16 |  32.0
     Lair:1 |    4225 |    2098 |  33.2 |      18 |       9 |  33.3
     Lair:2 |    6637 |     942 |  12.4 |      24 |       5 |  17.2
      Sewer |       0 |     247 | 100.0 |       0 |      14 | 100.0
    Ossuary |       0 |     275 | 100.0 |       0 |      13 | 100.0
     Bailey |       0 |    3623 | 100.0 |       0 |      20 | 100.0
            +---------+---------+-------+---------+---------+-------

Skill      XL: |  1  2  3  4  5  6  7  8  9 10 11 12 |
---------------+-------------------------------------+-----
Invocations    | 1 2 3 6 7 8 9 |  9.4
Short Blades   | 1 2 3 5 6 7 8 |  8.6
Long Blades    | 1 2 3 5 6 7 8 |  8.6
Axes           | 1 2 3 5 6 7 8 |  8.6
Maces & Flails | 1 2 3 5 6 7 8 |  8.6
Polearms       | 1 2 3 5 6 7 8 |  8.6
Staves         | 1 2 3 5 6 7 8 |  8.6
Ranged Weapons | 1 2 3 5 6 7 8 |  8.6
Throwing       | 1 2 3 5 6 7 8 |  8.6
Armour         | 1 2 3 5 6 7 8 |  8.6
Stealth        | 1 2 3 5 6 7 8 |  8.6
Shields        | 1 2 3 5 6 7 8 |  8.6
Spellcasting   | 1 2 3 5 6 7 8 |  8.6
Evocations     | 1 2 3 5 6 7 8 |  8.6
Conjurations   | 1 2 4 5 6 7 |  7.2
Hexes          | 1 2 4 5 6 7 |  7.2
Summonings     | 1 2 4 5 6 7 |  7.2
Necromancy     | 1 2 4 5 6 7 |  7.2
Translocations | 1 2 4 5 6 7 |  7.2
Fire Magic     | 1 2 4 5 6 7 |  7.2
Ice Magic      | 1 2 4 5 6 7 |  7.2
Air Magic      | 1 2 4 5 6 7 |  7.2
Earth Magic    | 1 2 4 5 6 7 |  7.2
Alchemy        | 1 2 4 5 6 7 |  7.2
Fighting       | 3 4 6 7 8 9 |  9.1
Dodging        | 5 7 8 9 |  9.8
Unarmed Combat | 7 8 9 10 | 10.8
Shapeshifting  | 7 8 9 10 | 10.3

Action                     |  1- 3 |  4- 6 |  7- 9 | 10-12 | 13-15 || total
---------------------------+-------+-------+-------+-------+-------++-------
  Melee: Unarmed           |    74 |   125 |    85 |   491 |    16 ||   791
         Punch             |     3 |     4 |       |       |       ||     7
         Bite              |     4 |    13 |     9 |    57 |     4 ||    87
  Throw: Dart              |       |     1 |       |       |       ||     1
         Boomerang         |       |       |       |    15 |       ||    15
   Cast: Frozen Ramparts   |       |       |       |     1 |     3 ||     4
 Invoke: Ancestor Identity |       |       |     1 |       |       ||     1
         Recall Ancestor   |       |       |       |     1 |       ||     1
         Ancestor Life: Ba |       |       |       |     1 |       ||     1
         Idealise          |       |       |       |     1 |       ||     1
  Evoke: Wand              |       |       |       |     6 |     1 ||     7
    Use: Scroll            |       |     6 |     4 |    15 |       ||    25
         Potion            |       |     3 |     3 |     9 |     3 ||    18
   Stab: Sleeping          |     1 |     1 |       |    13 |       ||    15
         Distracted        |       |       |       |     4 |       ||     4
 Armour: Animal skin       |    33 |    69 |     5 |       |       ||   107
         Skin              |       |     9 |       |       |       ||     9
         Ring mail         |       |       |    41 |    15 |       ||    56
         Leather armour    |       |       |       |   254 |    41 ||   295
  Dodge: Dodged            |    42 |    62 |    41 |   317 |    40 ||   502

Illustrated notes

Table legend:
 A = Kills in this place as a percentage of kills in the entire game.
 B = Kills by you in this place as a percentage of kills by you in the entire game.
 C = Kills by friends in this place as a percentage of kills by friends in the entire game.
 D = Other kills in this place as a percentage of other kills in the entire game.
 E = Experience gained in this place as a percentage of experience gained in the entire game.
 F = Experience gained in this place divided by the number of levels of this place that you have seen.
                   A       B       C       D       E      F
               +-------+-------+-------+-------+-------+----------------------
         Total | 100.0 | 100.0 | 100.0 |   N/A | 100.0 | 2009.1
       Dungeon |  69.1 |  73.7 |  49.2 |   N/A |  40.1 | 1343.2
          Lair |  16.8 |  13.3 |  31.7 |   N/A |  46.1 | 6951.0
         Sewer |   4.2 |   4.4 |   3.2 |   N/A |   0.8 | 247.0
       Ossuary |   3.9 |   2.6 |   9.5 |   N/A |   0.9 | 275.0
        Bailey |   6.0 |   5.9 |   6.3 |   N/A |  12.0 | 3623.0
               +-------+-------+-------+-------+-------+----------------------

Table legend: (Time is in decaauts)
 A = Elapsed time spent in this place.
 B = Non-inter-level travel time spent in this place.
 C = Inter-level travel time spent in this place.
 D = Time resting spent in this place.
 E = Time spent auto-exploring this place.
 F = Levels seen in this place.
 G = Mean time per level.
                   A        B        C        D        E       F      G
               +--------+--------+--------+--------+--------+-----+--------+
         Total |  12480 |  12070 |    410 |   1796 |   7048 |  15 |  832.0 |
       Dungeon |   9684 |   9323 |    361 |    927 |   6198 |   9 | 1076.0 |
        Temple |     65 |     58 |      7 |      0 |      0 |   1 |   65.0 |
          Lair |   1431 |   1389 |     42 |    320 |    673 |   2 |  715.5 |
         Sewer |    290 |    290 |      0 |      0 |    168 |   1 |  290.0 |
       Ossuary |    305 |    305 |      0 |     59 |      9 |   1 |  305.0 |
        Bailey |    702 |    702 |      0 |    489 |      0 |   1 |  702.0 |
               +--------+--------+--------+--------+--------+-----+--------+

Top non-repeatable levels by time:
     D:9: 1813 daAuts
     D:7: 1355 daAuts
     D:2: 1065 daAuts
     D:8: 1057 daAuts
  Lair:1: 1052 daAuts
     D:5: 993 daAuts
     D:3: 964 daAuts
     D:1: 939 daAuts
     D:6: 820 daAuts
  Bailey: 702 daAuts
     D:4: 675 daAuts
  Lair:2: 378 daAuts
 Ossuary: 305 daAuts
   Sewer: 290 daAuts
  Temple: 65 daAuts
